AoeStats
← DS_Kvothe

Arena

509356985Analyzed
1v1 RM · 5d ago on Sep 26, 2026· 68m 6s· 2 players
Game mode
Random Map
Map size
Tiny (2 player)
Population
200
Speed
Normal
Resources
Standard
Victory
Conquest
Starting age
Dark Age
Ending age
Imperial Age
RankedLock teamsTeams togetherTeam positionsShared explorationLock speedFull tech treeHidden civsTurbo modeCheats
Victory
Defeat
🇦🇷 Shu · Argentina
1887
+8
🇩🇪 Japanese · Germany
1701
-8
DS_Kvothe
11:00 Feudal Age
14:29 Castle Age
12:55 Double-Bit Axe
12:54 Horse Collar
15:21 Light Cavalry
22:57 Bow Saw
22:39 Gold Mining
23:51 Wheelbarrow
23:38 Husbandry
30:20 Imperial Age
28:12 Fletching
28:46 Loom
29:35 Bodkin Arrow
30:02 Ballistics
29:53 Masonry
30:44 Hand Cart
29:51 Crossbowman
30:43 Thumb Ring
30:40 Padded Archer Armor
32:08 Chemistry
31:08 Bracer
30:50 Arbalester
32:48 Two-Man Saw
31:49 Heavy Plow
33:22 Leather Archer Armor
33:16 Elite Skirmisher
38:43 Conscription
40:21 Ring Archer Armor
40:06 Siege Engineers
40:21 Bolt Magazine
41:29 Architecture
46:55 Coiled Serpent Array
46:31 Elite White Feather Guard
47:45 Scale Mail Armor
47:55 Forging
48:41 Hoardings
49:06 Chain Mail Armor
51:15 Plate Mail Armor
LM | Gelga
10:39 Feudal Age
12:13 Double-Bit Axe
14:53 Castle Age
12:37 Horse Collar
13:17 Gold Mining
15:35 Light Cavalry
21:59 Bow Saw
24:41 Wheelbarrow
26:55 Hand Cart
29:03 Loom
31:50 Imperial Age
29:07 Town Watch
29:32 Thumb Ring
31:19 Fletching
30:51 Elite Skirmisher
31:56 Bodkin Arrow
32:25 Heavy Plow
32:37 Bracer
33:40 Chemistry
32:57 Padded Archer Armor
34:16 Leather Archer Armor
34:43 Ballistics
36:35 Ring Archer Armor
36:23 Scale Mail Armor
36:34 Forging
36:51 Fortified Wall
37:39 Conscription
38:11 Ring Archer Armor
37:42 Scale Mail Armor
37:52 Forging
38:13 Elite Samurai
39:15 Kataparuto
38:22 Man-at-Arms
38:47 Gambesons
39:03 Squires
38:49 Arson
40:28 Chain Mail Armor
39:35 Long Swordsman
40:38 Yasama
41:20 Two-Handed Swordsman
42:32 Plate Mail Armor
42:29 Siege Engineers
43:42 Iron Casting
45:49 Guard Tower
45:45 Arrowslits
45:56 Murder Holes
48:17 Town Patrol
51:16 Blast Furnace
51:46 Champion
56:08 Keep
55:43 Masonry
61:45 Scale Barding Armor
62:54 Chain Barding Armor
62:37 Husbandry
62:47 Bloodlines
Connection lost

Rejoining the realm…

Still unreachable

The connection could not be restored.

Session expired

The server has moved on; the page needs a fresh start.